BSA
ORLANDO CALRISSIAN @ NIAGARA FALLS FRENZY
03/11/2026
 
TOP OF THE 1ST
Orlando Calrissian batting - Pitching for Niagara Falls Frenzy : RHP Luis López
Pitching: RHP Luis López
Batting: LHB Danny Allen 0-0: Ball
1-0: Called Strike
1-1: Called Strike
1-2: Foul Ball, location: 2F
1-2: Ground out 3-1 (Groundball, 34)
Batting: RHB Frederico Hernández 0-0: Ball
1-0: Ball
2-0: Foul Ball, location: 2F
2-1: Ball
3-1: Base on Balls
Batting: LHB Santiago Márquez 0-0: Called Strike
0-1: Grounds into double play, 4-6-3 (Groundball, 4)
Top of the 1st over - 0 run(s), 0 hit(s), 0 error(s), 0 left on base; Orlando 0 - Niagara Falls 0
BOTTOM OF THE 1ST
Niagara Falls Frenzy batting - Pitching for Orlando Calrissian : LHP Mark Collins
Pitching: LHP Mark Collins
Batting: RHB Santiago Zambrano 0-0: Called Strike
0-1: Ball
1-1: Ball
2-1: Foul Ball, location: 2F
2-2: Ball
3-2: Strikes out swinging
Batting: LHB Clyde Yarbrough 0-0: Ball
1-0: SINGLE (Groundball, 34S)
Batting: SHB Martín De Jesús 0-0: Ball
1-0: Foul Ball, location: 2F
1-1: SINGLE (Groundball, 34S)
Clyde Yarbrough to second
Runner from 2nd tries for 3rd, SAFE, throw made to third
Martín De Jesús to second
Batting: RHB Lawrence Schroeder 0-0: Foul Ball, location: 2F
0-1: Ground out 3-1 (Groundball, 34)
Clyde Yarbrough scores
Martín De Jesús to third
Batting: RHB Ángel Hinojosa 0-0: Foul Ball, location: 2F
0-1: Called Strike
0-2: Strikes out swinging
Bottom of the 1st over - 1 run(s), 2 hit(s), 0 error(s), 1 left on base; Orlando 0 - Niagara Falls 1
TOP OF THE 2ND
Orlando Calrissian batting - Pitching for Niagara Falls Frenzy : RHP Luis López
Batting: RHB Enrique Bermúdez 0-0: Called Strike
0-1: Foul Ball, location: 2F
0-2: Ball
1-2: Foul Ball, location: 2F
1-2: Strikes out swinging
Batting: RHB Rich Anderson 0-0: Ball
1-0: Called Strike
1-1: Ball
2-1: Foul Ball, location: 2F
2-2: Fly out, F7 (Flyball, 7M)
Batting: SHB Tim Abbott 0-0: Ball
1-0: Fly out, F8 (Flyball, 8LM)
Top of the 2nd over - 0 run(s), 0 hit(s), 0 error(s), 0 left on base; Orlando 0 - Niagara Falls 1
BOTTOM OF THE 2ND
Niagara Falls Frenzy batting - Pitching for Orlando Calrissian : LHP Mark Collins
Batting: RHB Juan Sánchez 0-0: Ball
1-0: Foul Ball, location: 2F
1-1: Foul Ball, location: 2F
1-2: Ground out 1-3 (Groundball, 13S)
Batting: RHB Gerald Burnett 0-0: Ball
1-0: Called Strike
1-1: Foul Ball, location: 2F
1-2: Strikes out swinging
Batting: LHB Jesús Herrera 0-0: Swinging Strike
0-1: Ball
1-1: Swinging Strike
1-2: Foul Ball, location: 2F
1-2: Ball
2-2: Foul Ball, location: 2F
2-2: Fly out, F8 (Flyball, 8LM)
Bottom of the 2nd over - 0 run(s), 0 hit(s), 0 error(s), 0 left on base; Orlando 0 - Niagara Falls 1
TOP OF THE 3RD
Orlando Calrissian batting - Pitching for Niagara Falls Frenzy : RHP Luis López
Batting: RHB Raúl Canó 0-0: Fly out, F8 (Flyball, 8RM)
Batting: LHB Mark Collins 0-0: Foul Ball, location: 2F
0-1: Foul Ball, location: 2F
0-2: Ball
1-2: Strikes out swinging
Batting: RHB Kenny Cole 0-0: Swinging Strike
0-1: Ball
1-1: Foul Ball, location: 2F
1-2: Ball
2-2: Foul Ball, location: 2F
2-2: Strikes out swinging
Top of the 3rd over - 0 run(s), 0 hit(s), 0 error(s), 0 left on base; Orlando 0 - Niagara Falls 1
BOTTOM OF THE 3RD
Niagara Falls Frenzy batting - Pitching for Orlando Calrissian : LHP Mark Collins
Batting: RHB Zander Tremblett 0-0: Called Strike
0-1: Ground out 4-3 (Groundball, 4M)
Batting: RHB Santiago Zambrano 0-0: Ground out 6-3 (Groundball, 6)
Batting: LHB Clyde Yarbrough 0-0: Foul Ball, location: 2F
0-1: Ball
1-1: SINGLE (Line Drive, 4M)
Batting: SHB Martín De Jesús 0-0: Ball
1-0: Called Strike
1-1: Called Strike
1-2: Ball
2-2: Strikes out swinging
Bottom of the 3rd over - 0 run(s), 1 hit(s), 0 error(s), 1 left on base; Orlando 0 - Niagara Falls 1
TOP OF THE 4TH
Orlando Calrissian batting - Pitching for Niagara Falls Frenzy : RHP Luis López
Batting: LHB Danny Allen 0-0: Ball
1-0: Ground out 1-3 (Groundball, 13S)
Batting: RHB Frederico Hernández 0-0: Swinging Strike
0-1: Ball
1-1: SINGLE (Line Drive, 8LS)
Batting: LHB Santiago Márquez 0-0: Foul Ball, location: 2F
0-1: Called Strike
0-2: Ball
1-2: Ball
2-2: Fly out, F6 (Popup, 6D)
Batting: RHB Enrique Bermúdez 0-0: Swinging Strike
0-1: Called Strike
0-2: Strikes out swinging
Top of the 4th over - 0 run(s), 1 hit(s), 0 error(s), 1 left on base; Orlando 0 - Niagara Falls 1
BOTTOM OF THE 4TH
Niagara Falls Frenzy batting - Pitching for Orlando Calrissian : LHP Mark Collins
Batting: RHB Lawrence Schroeder 0-0: Fly out, F3 (Popup, 3SF)
Batting: RHB Ángel Hinojosa 0-0: SINGLE (Flyball, 7S)
Batting: RHB Juan Sánchez 0-0: Ball
1-0: Grounds into double play, 6-4-3 (Groundball, 6)
Bottom of the 4th over - 0 run(s), 1 hit(s), 0 error(s), 0 left on base; Orlando 0 - Niagara Falls 1
TOP OF THE 5TH
Orlando Calrissian batting - Pitching for Niagara Falls Frenzy : RHP Luis López
Pitching: LHP Mike Campbell
Batting: RHB Rich Anderson 0-0: Ball
1-0: Ball
2-0: Ball
3-0: Called Strike
3-1: Called Strike
3-2: Base on Balls
Batting: SHB Tim Abbott 0-0: Ball
1-0: Ball
2-0: SINGLE (Groundball, 4M)
Rich Anderson to second
Batting: RHB Raúl Canó 0-0: Called Strike
0-1: Swinging Strike
0-2: Foul Ball, location: 2F
0-2: Fly out, F4 (Popup, 34D)
Batting: LHB Mark Collins 0-0: Foul Ball, location: 2F
0-1: Foul Ball, location: 2F
0-2: Strikes out swinging
Batting: RHB Kenny Cole 0-0: Foul Ball, location: 2F
0-1: Ball
1-1: Swinging Strike
1-2: Fly out, F9 (Flyball, 9D)
Top of the 5th over - 0 run(s), 1 hit(s), 0 error(s), 2 left on base; Orlando 0 - Niagara Falls 1
BOTTOM OF THE 5TH
Niagara Falls Frenzy batting - Pitching for Orlando Calrissian : LHP Mark Collins
Pitching: LHP Mike Murray
Batting: RHB Gerald Burnett 0-0: Ball
1-0: Ball
2-0: Foul Ball, location: 2F
2-1: Fly out, F6 (Popup, 6MD)
Batting: LHB Jesús Herrera 0-0: Ball
1-0: Ball
2-0: Called Strike
2-1: Ground out U3 (Groundball, 3)
Batting: RHB Zander Tremblett 0-0: Foul Ball, location: 2F
0-1: Ground out 5-3 (Groundball, 56)
Bottom of the 5th over - 0 run(s), 0 hit(s), 0 error(s), 0 left on base; Orlando 0 - Niagara Falls 1
TOP OF THE 6TH
Orlando Calrissian batting - Pitching for Niagara Falls Frenzy : LHP Mike Campbell
Batting: LHB Danny Allen 0-0: Called Strike
0-1: Ball
1-1: Ball
2-1: Foul Ball, location: 2F
2-2: Strikes out swinging
Batting: RHB Frederico Hernández 0-0: Ground out 6-3 (Groundball, 6)
Batting: LHB Santiago Márquez 0-0: Ball
1-0: Ground out 6-3 (Groundball, 6M)
Top of the 6th over - 0 run(s), 0 hit(s), 0 error(s), 0 left on base; Orlando 0 - Niagara Falls 1
BOTTOM OF THE 6TH
Niagara Falls Frenzy batting - Pitching for Orlando Calrissian : LHP Mike Murray
Batting: RHB Santiago Zambrano 0-0: Called Strike
0-1: Ball
1-1: Called Strike
1-2: Ground out 6-3 (Groundball, 6)
Batting: LHB Clyde Yarbrough 0-0: DOUBLE (Flyball, 89XD)
Batting: SHB Martín De Jesús 0-0: Called Strike
0-1: Ball
1-1: Fly out, F8 (Flyball, 8RXD)
Runner from 2nd tags up, SAFE at 3rd, no throw
Batting: RHB Lawrence Schroeder 0-0: Ball
1-0: Ball
Wild Pitch!
Clyde Yarbrough scores
2-0: SINGLE (Groundball, 4M)
Batting: RHB Ángel Hinojosa 0-0: Ball
1-0: Called Strike
1-1: Swinging Strike
1-2: Strikes out swinging
Bottom of the 6th over - 1 run(s), 2 hit(s), 0 error(s), 1 left on base; Orlando 0 - Niagara Falls 2
TOP OF THE 7TH
Orlando Calrissian batting - Pitching for Niagara Falls Frenzy : LHP Mike Campbell
Pitching: RHP Ángel Francisco
Batting: RHB Enrique Bermúdez 0-0: Called Strike
0-1: Swinging Strike
0-2: Ball
1-2: Strikes out looking
Batting: RHB Rich Anderson 0-0: Called Strike
0-1: Ball
1-1: Ball
2-1: Foul Ball, location: 2F
2-2: Ball
3-2: Base on Balls
Batting: SHB Tim Abbott 0-0: Called Strike
0-1: Ball
1-1: Foul Ball, location: 2F
1-2: Ball
2-2: Foul Ball, location: 2F
2-2: DOUBLE (Groundball, 5L)
Rich Anderson to third
Batting: RHB Raúl Canó 0-0: Ball
1-0: Swinging Strike
1-1: Ball
2-1: Ball
3-1: Fly out, F8 (Flyball, 8RD)
Runner from 3rd tags up, SCORES, no throw
Tim Abbott to third
Batting: LHB Mark Collins 0-0: Called Strike
0-1: Called Strike
0-2: Foul Ball, location: 2F
0-2: Foul Ball, location: 2F
0-2: Strikes out swinging
Top of the 7th over - 1 run(s), 1 hit(s), 0 error(s), 1 left on base; Orlando 1 - Niagara Falls 2
BOTTOM OF THE 7TH
Niagara Falls Frenzy batting - Pitching for Orlando Calrissian : LHP Mike Murray
Pitching: LHP Carlos Berru
Batting: RHB Juan Sánchez 0-0: Fly out, F4 (Line Drive, 4D)
Batting: RHB Gerald Burnett 0-0: Ball
1-0: Foul Ball, location: 2F
1-1: Foul Ball, location: 2F
1-2: Ball
2-2: Strikes out swinging
Batting: LHB Jesús Herrera 0-0: Ball
1-0: Swinging Strike
1-1: Foul Ball, location: 2F
1-2: Strikes out swinging
Bottom of the 7th over - 0 run(s), 0 hit(s), 0 error(s), 0 left on base; Orlando 1 - Niagara Falls 2
TOP OF THE 8TH
Orlando Calrissian batting - Pitching for Niagara Falls Frenzy : RHP Ángel Francisco
Batting: RHB Kenny Cole 0-0: Called Strike
0-1: Swinging Strike
0-2: Foul Ball, location: 2F
0-2: Strikes out looking
Batting: LHB Danny Allen 0-0: Ball
1-0: Swinging Strike
1-1: Fly out, F5 (Line Drive, 5)
Batting: RHB Frederico Hernández 0-0: Called Strike
0-1: Called Strike
0-2: Foul Ball, location: 2F
0-2: Foul Ball, location: 2F
0-2: Ball
1-2: Foul Ball, location: 2F
1-2: SINGLE (Groundball, 56S)
Batting: LHB Santiago Márquez 0-0: Called Strike
0-1: Foul Ball, location: 2F
0-2: Ground out 1-3 (Groundball, 15)
Top of the 8th over - 0 run(s), 1 hit(s), 0 error(s), 1 left on base; Orlando 1 - Niagara Falls 2
BOTTOM OF THE 8TH
Niagara Falls Frenzy batting - Pitching for Orlando Calrissian : LHP Carlos Berru
Batting: RHB Zander Tremblett 0-0: Ball
1-0: Ball
2-0: Ground out 6-3 (Groundball, 6M)
Batting: RHB Santiago Zambrano 0-0: Ball
1-0: Fly out, F8 (Flyball, 8RD)
Batting: LHB Clyde Yarbrough 0-0: Ball
1-0: Ball
2-0: Called Strike
2-1: Ball
3-1: Foul Ball, location: 2F
3-2: SINGLE (Line Drive, 6M)
Batting: SHB Martín De Jesús 0-0: Ball
1-0: Called Strike
1-1: Foul Ball, location: 2F
1-2: Foul Ball, location: 2F
1-2: Strikes out swinging
Bottom of the 8th over - 0 run(s), 1 hit(s), 0 error(s), 1 left on base; Orlando 1 - Niagara Falls 2
TOP OF THE 9TH
Orlando Calrissian batting - Pitching for Niagara Falls Frenzy : RHP Ángel Francisco
Pitching: RHP Kimitada Takai
Batting: RHB Enrique Bermúdez 0-0: Called Strike
0-1: Ground out 6-3 (Groundball, 6)
Batting: RHB Rich Anderson 0-0: Foul Ball, location: 2F
0-1: Ball
1-1: Ground out 5-3 (Groundball, 5)
Batting: SHB Tim Abbott 0-0: Ball
1-0: Ground out 5-3 (Groundball, 5)
Top of the 9th over - 0 run(s), 0 hit(s), 0 error(s), 0 left on base; Orlando 1 - Niagara Falls 2
Monday, December 5th, 2016 - OOTP Baseball 17.12 Build 75